 Dungeon Crawl Stone Soup version 0.28-a0-925-gd5e1996cdb (webtiles) character file.

Game seed: 1469102144088789694

1376 freelancePsychic the Skirmisher (level 8, -2/64 HPs)
             Began as a Demonspawn Fighter on Nov 26, 2021.
             Was a Follower of Cheibriados.
             Slain by an orc warrior (14 damage)
             ... on level 6 of the Dungeon.
             The game lasted 00:12:56 (7054 turns).

freelancePsychic the Skirmisher (DsFi)              Turns: 7054, Time: 00:12:56

Health: -2/64      AC: 10    Str: 21    XL:     8   Next: 39%
Magic:  8/8        EV: 13    Int: 16    God:    Cheibriados [*.....]
Gold:   49         SH:  5    Dex: 14    Spells: 7/7 levels left

rFire   + . .      SeeInvis .   a - +0 dagger (elec)
rCold   . . .      Faith    .   c - +0 buckler
rNeg    . . .      Spirit   .   b - +0 scale mail
rPois   .          Reflect  .   (no helmet)
rElec   .          Harm     .   e - +1 cloak
rCorr   +          Rampage  .   A - +1 pair of gloves {rF+}
Will    .....                   (no boots)
Stlth   ..........              C - amulet of magic regeneration
HPRegen 0.20/turn               j - ring of resist corrosion
MPRegen 0.62/turn               E - +4 ring of evasion

@: mighty, very slow
A: demonic guardian 1, magic regeneration, big brain 2
a: Renounce Religion, Bend Time


You were on level 6 of the Dungeon.
You worshipped Cheibriados.
Cheibriados was aware of your devotion.
You visited 1 branch of the dungeon, and saw 6 of its levels.

You collected 296 gold pieces.
You spent 247 gold pieces at shops.

Inventory:

Hand Weapons
 a - a +0 dagger of electrocution (weapon)
Armour
 b - a +0 scale mail (worn)
 c - a +0 buckler (worn)
 e - a +1 cloak (worn)
 A - a +1 pair of gloves of fire resistance (worn)
Jewellery
 j - a ring of resist corrosion (left hand)
 C - an amulet of magic regeneration (around neck)
 E - a +4 ring of evasion (right hand)
Wands
 r - a wand of acid (9)
 y - a wand of iceblast (1)
 z - a wand of flame (28)
Scrolls
 f - a scroll of teleportation {@r4}
 g - 2 scrolls of fog
 i - a scroll of vulnerability
 l - 3 scrolls of fear
 n - a scroll of brand weapon
 p - 2 scrolls of amnesia
 q - 2 scrolls of noise
 u - a scroll of immolation
 v - a scroll of identify {@r1}
 w - a scroll of acquirement {unknown}
 D - a scroll of blinking {unknown}
Potions
 k - 2 potions of ambrosia {unknown}
 m - 2 potions of heal wounds {unknown}
 o - a potion of flight {unknown}
 t - 3 potions of lignification {unknown}
 x - a potion of resistance {unknown}
 B - 2 potions of invisibility {unknown}


   Skills:
 + Level 5.9 Fighting
 + Level 3.3 Short Blades
 - Level 4.2 Axes
 - Level 2.6 Armour
 - Level 4.0 Shields
 + Level 4.3 Necromancy
 + Level 3.5 Earth Magic


You had 7 spell levels left.
You didn't know any spells.
Your spell library contained the following spells:

 Spells                   Type           Power      Damage    Failure   Level
 Magic Dart               Conj           0%         1d3       56%         1
 Shock                    Conj/Air       0%         1d3       56%         1
 Call Imp                 Summ           0%         N/A       71%         2
 Static Discharge         Conj/Air       0%         N/A       71%         2
 Animate Dead             Necr           6%         N/A       75%         4
 Mephitic Cloud           Conj/Pois/Air  0%         N/A       90%         3
 Portal Projectile        Hex/Tloc       0%         N/A       90%         3
 Swiftness                Air            0%         N/A       90%         3
 Animate Armour           Summ/Erth      10%        N/A       97%         4
 Excruciating Wounds      Necr           6%         N/A       97%         5
 Borgnjor's Vile Clutch   Necr/Erth      6%         N/A       98%         5
 Lee's Rapid Deconstruct  Erth           5%         3d7*      99%         5
 Airstrike                Air            0%         N/A       100%        4
 Fulminant Prism          Conj/Hex       0%         3d6       100%        4
 Iskenderun's Mystic Bla  Conj/Tloc      0%         2d3       100%        4
 Blade Hands              Tmut           0%         N/A       100%        5
 Lightning Bolt           Conj/Air       0%         1d11      100%        5
 Death Channel            Necr           6%         N/A       100%        6
 Iron Shot                Conj/Erth      2%         9d2       100%        6
 Maxwell's Capacitive Co  Air            0%         ∞         100%        8


Dungeon Overview and Level Annotations

Branches:
Dungeon (6/15)
 Temple: D:4-7

Altars:
Cheibriados
Kikubaaqudgha
Vehumet
Wu Jian
Xom
Zin

Shops:
D:6 *

Annotations:
D:6 1 runed translucent door, sirJeffrey23's ghost, novice DsGl


Innate Abilities, Weirdness & Mutations

A weak demonic guardian rushes to your aid.
You regenerate magic rapidly.
You have an extremely huge brain. (Int +4)


Message History

The orc warrior is lightly wounded.
The orc warrior hits you with a +0 war axe!
You fail to use your ability.
The orc warrior barely misses you. The flow of time bends around you.
The orc warrior resists with some effort.
The orc warrior completely misses you. The flow of time bends around you.
Cheibriados rebukes the orc warrior.
The orc warrior seems to slow down.
The orc warrior hits you with a +0 war axe.
You hit the orc warrior.
Lightning courses through the orc warrior!
The orc warrior is heavily wounded.
You hit the orc warrior but do no damage.
The orc warrior is heavily wounded.
The orc warrior barely misses you.
You miss the orc warrior.
The orc warrior is heavily wounded.
You closely miss the orc warrior.
The orc warrior is heavily wounded.
The orc warrior barely misses you.
You hit the orc warrior but do no damage.
The orc warrior is heavily wounded.
The orc warrior hits you with a +0 war axe!
* * * LOW HITPOINT WARNING * * *
You barely miss the orc warrior.
The orc warrior is heavily wounded.
You hit the orc warrior but do no damage.
The orc warrior is heavily wounded.
The orc warrior hits you with a +0 war axe.
* * * LOW HITPOINT WARNING * * *
You feel better.
You feel very mighty all of a sudden.
The orc warrior hits you with a +0 war axe!
* * * LOW HITPOINT WARNING * * *
A demonic guardian appears!
You barely miss the orc warrior.
The orc warrior is heavily wounded.
The orc warrior hits you with a +0 war axe!
You die...

.......###.##.#
.#####.....##.#
.# ########.#
.# #.# .# #.#
.# #<###
.########
#...##
.........
###.5#
.######## ##@#
.# #o# .# #.#
.# ..# ## ..#
..## .# .#


You could see an orc warrior (slow, ally target) and a friendly shadow imp
(summoned).

Vanquished Creatures
  A water moccasin (D:6)
  An ice beast (D:6)
  2 centaurs (D:6)
  A phantom (D:5)
  A bullfrog (D:6)
  A water moccasin zombie (D:5)
  A scorpion (D:6)
  A crimson imp (D:4)
  6 hounds
  3 jellies
  A centaur skeleton (D:4)
  2 orc priests
  2 iguanas (D:6)
  2 orc wizards
  A hound zombie (D:5)
  10 adders
  A shadow imp (D:6)
  2 worms
  2 dart slugs (D:1)
  5 orcs
  8 endoplasms
  2 giant cockroaches (D:3)
  7 goblins
  9 hobgoblins
  2 jackals
  3 quokkas
  8 ball pythons
  4 bats
  5 frilled lizards
  8 kobolds
  A rat (D:3)
103 creatures vanquished.

Vanquished Creatures (collateral kills)
  A water moccasin zombie (D:5)
  2 worms (D:2)
  2 jackals (D:2)
5 creatures vanquished.

Vanquished Creatures (others)
  A human (D:6)
  2 withered plants (D:6)
3 creatures vanquished.

Grand Total: 111 creatures vanquished

Notes
Turn   | Place    | Note
-------+----------+-------------------------------------------
     0 | D:1      | freelancePsychic the Demonspawn Fighter began the quest for
                  | the Orb.
     0 | D:1      | Reached XP level 1. HP: 18/18 MP: 1/1
   259 | D:1      | Gained mutation: A weak demonic guardian rushes to your
                  | aid. [demonic ancestry]
   259 | D:1      | Reached XP level 2. HP: 16/24 MP: 2/2
  1337 | D:2      | Reached XP level 3. HP: 27/29 MP: 3/3
  2094 | D:2      | Gained mutation: You have an unusually large brain. (Int
                  | +2) [demonic ancestry]
  2094 | D:2      | Reached XP level 4. HP: 25/35 MP: 4/4
  2656 | D:2      | Found an ornate altar of the Wu Jian Council.
  2922 | D:3      | Reached XP level 5. HP: 39/42 MP: 5/5
  3459 | D:3      | Reached skill level 4 in Fighting
  3898 | D:4      | Gained mutation: You have an extremely huge brain. (Int +4)
                  | [demonic ancestry]
  3898 | D:4      | Reached XP level 6. HP: 44/48 MP: 6/6
  4192 | D:4      | Found a shimmering altar of Xom.
  4489 | D:5      | Entered Level 5 of the Dungeon
  4489 | D:5      | Found a snail-covered altar of Cheibriados.
  4505 | D:5      | Became a worshipper of Cheibriados the Contemplative
  4612 | D:5      | Reached skill level 1 in Necromancy
  4612 | D:5      | Reached skill level 1 in Earth Magic
  4619 | D:5      | Reached skill level 1 in Short Blades
  4619 | D:5      | Noticed a sky beast
  4884 | D:5      | HP: 2/49 [ogre (9)]
  5239 | D:5      | Gained mutation: You regenerate magic rapidly. [demonic
                  | ancestry]
  5239 | D:5      | Reached XP level 7. HP: 55/55 MP: 7/7
  5551 | D:5      | Reached skill level 5 in Fighting
  5874 | D:6      | Found Hudd's Fire Supplies.
  5918 | D:6      | Found a radiant altar of Vehumet.
  5942 | D:6      | Reached * piety under Cheibriados
  6070 | D:6      | Found an ancient bone altar of Kikubaaqudgha.
  6071 | D:6      | Noticed a human
  6073 | D:6      | Killed a human
  6104 | D:6      | Found a runed translucent door.
  6104 | D:6      | Noticed sirJeffrey23's ghost (novice DsGl)
  6160 | D:6      | Reached XP level 8. HP: 39/63 MP: 8/8
  6428 | D:6      | Bought a +1 pair of gloves of fire resistance for 247 gold
                  | pieces
  7054 | D:6      | Slain by an orc warrior

Illustrated notes

Levels and vault maps discovered:
D:1:      amcnicky_arrival_wind_blow, layout_basic, wad_floor_pattern_2
D:2:      layout_rooms, basic_altar, minmay_snake_closets
D:3:      layout_rooms, hex_medium, grunt_decor_junction
D:4:      layout_basic, led_xom_imps, nicolae_overflow_crystal_walls
D:5:      layout_basic, slow_altar_1
D:6:      layout_loops_ring, vehumet_altar_wand_db, tgw_kikubaaqudgha,
          trog_butcher_becter, gammafunk_ghost_grave, grunt_ministairs_15,
          nicolae_shop_fire_sale [nicolae_sub_dead_trees], minmay_crystal_water

Skill      XL: |  1  2  3  4  5  6  7  8 |
---------------+-------------------------+-----
Axes           | 2 3 4 |  4.2
Shields        | 3 4 |  4.0
Fighting       | 4 5 |  5.9
Necromancy     | 1 3 4 |  4.3
Earth Magic    | 1 2 3 |  3.5
Short Blades   | 1 2 3 |  3.3
Armour         | |  2.6

Action                   |  1- 3 |  4- 6 |  7- 9 || total
-------------------------+-------+-------+-------++-------
Melee: War axe           |   125 |   139 |       ||   264
       Dagger            |       |    45 |   172 ||   217
Throw: Throwing net      |       |     1 |       ||     1
Invok: Bend Time         |       |       |     2 ||     2
Evoke: Wand              |       |       |     1 ||     1
  Use: Scroll            |     4 |     8 |     1 ||    13
       Potion            |       |       |     3 ||     3
Armor: Scale mail        |    60 |    87 |    54 ||   201
Dodge: Dodged            |    60 |    79 |    71 ||   210
Block: Buckler           |    32 |    40 |    37 ||   109

Table legend: (Time is in decaauts)
 A = Elapsed time spent in this place.
 B = Non-inter-level travel time spent in this place.
 C = Inter-level travel time spent in this place.
 D = Time resting spent in this place.
 E = Time spent auto-exploring this place.
 F = Levels seen in this place.
 G = Mean time per level.
                   A        B        C        D        E       F      G
               +--------+--------+--------+--------+--------+-----+--------+
         Total |   7468 |   7107 |    361 |   1175 |   4825 |   6 | 1244.7 |
       Dungeon |   7468 |   7107 |    361 |   1175 |   4825 |   6 | 1244.7 |
               +--------+--------+--------+--------+--------+-----+--------+

Top non-repeatable levels by time:
     D:6: 1644 daAuts
     D:4: 1613 daAuts
     D:2: 1477 daAuts
     D:1: 1385 daAuts
     D:3: 766 daAuts
     D:5: 583 daAuts
